AoeStats
← [KMNB] Bandeira

Lombardia

508694876Analyzed
3v3 RM · 9d ago on Sep 23, 2026· 55m 33s· 6 players
Game mode
Random Map
Map size
Normal (6 player)
Population
200
Speed
Normal
Resources
Standard
Victory
Conquest
Starting age
Dark Age
Ending age
Imperial Age
RankedLock teamsTeams togetherTeam positionsShared explorationLock speedFull tech treeHidden civsTurbo modeCheats
Victory
Defeat
🇧🇷 Varangians · Brazil
1636
+11
🇧🇷 Magyars · Brazil
1607
+12
🇧🇷 Italians · Brazil
1528
+16
🇩🇪 Magyars · Germany
1536
-13
🇩🇪 Cumans · Germany
1529
-13
🇨🇭 Varangians · Switzerland
1518
-13
Lacrima
6:15 Loom
8:38 Feudal Age
9:27 Double-Bit Axe
10:00 Horse Collar
17:04 Scale Barding Armor
17:34 Bloodlines
19:34 Wheelbarrow
22:59 Castle Age
23:58 Bow Saw
23:49 Heavy Plow
24:49 Chain Barding Armor
26:08 Gold Mining
29:12 Husbandry
42:21 Imperial Age
42:50 Cavalier
44:07 Plate Barding Armor
43:25 Light Cavalry
45:04 Corvinian Army
45:41 Corvinian Army
47:28 Conscription
48:44 Hussar
Captain Falcon
6:46 Loom
8:57 Feudal Age
9:34 Double-Bit Axe
9:32 Horse Collar
21:01 Wheelbarrow
22:32 Castle Age
21:13 Scale Barding Armor
21:19 Forging
21:54 Bloodlines
22:04 Gold Mining
23:34 Chain Barding Armor
24:45 Gold Shaft Mining
24:23 Bow Saw
24:23 Heavy Plow
29:35 Iron Casting
29:29 Hand Cart
36:13 Imperial Age
34:35 Fletching
35:06 Stone Mining
36:29 Coinage
36:18 Cavalier
37:39 Plate Barding Armor
38:05 Blast Furnace
38:00 Conscription
40:59 Two-Man Saw
39:58 Light Cavalry
41:18 Paladin
42:14 Hussar
43:40 Caravan
44:11 Banking
45:31 Steppe Husbandry
48:24 Guilds
EMMM | GothBert
8:34 Loom
12:39 Feudal Age
16:27 Castle Age
15:04 Double-Bit Axe
15:47 Fletching
15:41 Horse Collar
17:07 Bodkin Arrow
17:12 Padded Archer Armor
21:23 Bloodlines
23:21 Town Watch
25:39 Heavy Plow
26:25 Leather Archer Armor
27:24 Husbandry
31:36 Gold Mining
36:41 Imperial Age
34:47 Wheelbarrow
34:53 Fortified Wall
36:18 Ballistics
37:25 Bracer
38:44 Chemistry
37:06 Heavy Mounted Crossbowman
38:55 Ring Archer Armor
37:58 Cranequins
40:47 Masonry
42:36 Elite Skirmisher
42:58 Capped Ram
43:46 Caravan
44:48 Scale Mail Armor
45:40 Bow Saw
46:01 Crop Rotation
46:23 Squires
46:39 Chain Mail Armor
46:34 Forging
47:31 Hand Cart
49:46 Siege Ram
51:43 Plate Mail Armor
51:49 Iron Casting
52:08 Architecture
55:22 Coinage
[KMNB] Bandeira
4:44 Loom
9:37 Feudal Age
10:53 Double-Bit Axe
11:42 Horse Collar
17:36 Scale Barding Armor
22:10 Castle Age
20:33 Gold Mining
21:32 Bloodlines
23:53 Chain Barding Armor
25:22 Bow Saw
25:49 Wheelbarrow
26:30 Husbandry
27:22 Heavy Plow
39:43 Imperial Age
39:50 Cavalier
41:01 Hand Cart
41:31 Plate Barding Armor
43:17 Conscription
43:01 Light Cavalry
43:55 Hussar
49:19 Paladin
56:27 Crop Rotation
57:00 Two-Man Saw
Fs.Khronos
3:44 Loom
9:02 Feudal Age
9:38 Double-Bit Axe
12:00 Fletching
22:08 Castle Age
21:23 Padded Archer Armor
21:13 Gold Mining
21:04 Horse Collar
22:55 Wheelbarrow
22:45 Bodkin Arrow
23:20 Bow Saw
27:51 Ballistics
27:34 Husbandry
28:47 Bloodlines
33:26 Leather Archer Armor
33:12 Heavy Plow
37:47 Imperial Age
35:33 Hand Cart
35:49 Town Watch
38:44 Bracer
39:50 Chemistry
38:31 Cranequins
38:37 Heavy Mounted Crossbowman
48:47 Light Cavalry
49:33 Scale Barding Armor
49:38 Forging
51:46 Iron Casting
51:20 Capped Ram
54:55 Chain Barding Armor
55:35 Blast Furnace
[KMNB] Dedão
6:08 Loom
9:07 Feudal Age
10:13 Double-Bit Axe
13:47 Fletching
15:21 Horse Collar
18:43 Wheelbarrow
22:13 Castle Age
20:10 Gold Mining
20:31 Stone Mining
21:44 Padded Archer Armor
22:14 Crossbowman
23:00 Bodkin Arrow
23:36 Bow Saw
25:19 Ballistics
26:41 Thumb Ring
27:11 Town Watch
30:03 Hand Cart
30:09 Leather Archer Armor
33:04 Town Patrol
37:20 Imperial Age
35:49 Scale Barding Armor
39:13 Chemistry
38:15 Bracer
39:08 Conscription
39:21 Elite Genoese Crossbowman
40:17 Caravan
41:34 Ring Archer Armor
41:16 Forging
44:36 Bloodlines
44:26 Husbandry
43:47 Light Cavalry
45:14 Chain Barding Armor
45:30 Iron Casting
46:24 Murder Holes
47:49 Hussar
49:32 Plate Barding Armor
49:58 Blast Furnace
50:46 Two-Man Saw
49:51 Heavy Plow
52:08 Hoardings
52:32 Crop Rotation
53:21 Scale Mail Armor
53:37 Masonry
54:32 Coinage
Connection lost

Rejoining the realm…

Still unreachable

The connection could not be restored.

Session expired

The server has moved on; the page needs a fresh start.